AoeStats
← Kratos

QS Arena

503366323Analyzed
2v2 RM · 1mo ago on Aug 31, 2026· 39m 6s· 4 players
Game mode
Random Map
Map size
Medium (4 player)
Population
200
Speed
Normal
Resources
Standard
Victory
Conquest
Starting age
Dark Age
Ending age
Imperial Age
RankedLock teamsTeams togetherTeam positionsShared explorationLock speedFull tech treeHidden civsTurbo modeCheats
Victory
Defeat
🇳🇿 Sicilians · New Zealand
1115
+9
🇳🇿 Goths · New Zealand
755
+24
🇩🇪 Italians · Germany
954
-49
🇩🇪 Britons · Germany
954
-49
ZombieMurderer15
9:02 Feudal Age
11:43 Double-Bit Axe
14:34 Castle Age
13:19 Horse Collar
18:12 Bow Saw
21:42 Wheelbarrow
20:52 Loom
21:41 Heavy Plow
23:08 Hand Cart
23:26 Town Watch
24:19 Gold Mining
24:20 Stone Mining
26:03 Ballistics
25:52 Town Patrol
30:43 Imperial Age
28:51 First Crusade
29:57 Forging
29:48 Scale Mail Armor
31:26 Gold Shaft Mining
31:27 Stone Shaft Mining
30:48 Elite Serjeant
32:05 Iron Casting
31:46 Chain Mail Armor
31:41 Capped Ram
33:02 Squires
32:48 Arson
34:28 Blast Furnace
36:18 Chemistry
35:33 Masonry
36:25 Crop Rotation
37:39 Plate Mail Armor
37:02 Fletching
Kratos
3:48 Loom
10:03 Feudal Age
13:31 Horse Collar
13:44 Gold Mining
13:42 Double-Bit Axe
14:11 Forging
14:01 Scale Mail Armor
14:30 Scale Barding Armor
20:55 Castle Age
21:05 Stone Mining
21:42 Man-at-Arms
24:13 Stone Shaft Mining
23:51 Bow Saw
23:44 Heavy Plow
24:36 Pikeman
24:37 Long Swordsman
25:17 Squires
25:56 Iron Casting
25:37 Chain Mail Armor
25:22 Padded Archer Armor
41:12 Imperial Age
Bafana
4:31 Loom
11:52 Feudal Age
15:02 Wheelbarrow
15:08 Town Watch
15:21 Horse Collar
15:36 Stone Mining
15:50 Double-Bit Axe
16:39 Gold Mining
24:18 Castle Age
24:30 Bloodlines
24:38 Scale Barding Armor
24:35 Scale Mail Armor
24:36 Padded Archer Armor
24:26 Fletching
24:46 Forging
26:09 Bow Saw
26:02 Heavy Plow
26:43 Stone Shaft Mining
27:56 Husbandry
27:18 Light Cavalry
28:22 Chain Barding Armor
29:55 Hand Cart
29:44 Caravan
30:15 Pikeman
30:57 Squires
31:27 Chain Mail Armor
31:08 Bodkin Arrow
36:56 Iron Casting
36:36 Leather Archer Armor
36:39 Masonry
36:30 Murder Holes
36:47 Fortified Wall
36:28 Guard Tower
37:11 Ballistics
36:32 Treadmill Crane
36:42 Heated Shot
Nils
9:55 Feudal Age
14:50 Double-Bit Axe
14:50 Horse Collar
21:37 Castle Age
22:20 Heavy Plow
24:03 Light Cavalry
26:16 Bow Saw
26:06 Gold Mining
27:18 Wheelbarrow
26:30 Loom
28:54 Gold Shaft Mining
28:15 Stone Mining
29:14 Husbandry
34:48 Hand Cart
Connection lost

Rejoining the realm…

Still unreachable

The connection could not be restored.

Session expired

The server has moved on; the page needs a fresh start.